 Dungeon Crawl Stone Soup version 0.25.0-65-g31bcc41 (webtiles) character file.

7896 Dorkslayer the Carver (level 11, -17/69 HPs)
             Began as a Gargoyle Fighter on Nov 5, 2020.
             Was a Priest of the Shining One.
             Killed from afar by a fire dragon (40 damage)
             ... with a blast of flame
             ... on level 2 of the Dungeon.
             The game lasted 00:07:52 (1351 turns).

Dorkslayer the Carver (Gargoyle Fighter)            Turns: 1351, Time: 00:07:53

Health: -17/69     AC: 22    Str: 22    XL:     11   Next: 22%
Magic:  8/11       EV:  8    Int: 10    God:    the Shining One [***...]
Gold:   198        SH: 18    Dex:  9    Spells: 10/10 levels left

rFire    . . .     SeeInvis .   a - +1 long sword
rCold    . . .     Gourm    .   c - +0 shield
rNeg     + + .     Faith    .   i - +0 chain mail
rPois    ∞         Spirit   .   (no helmet)
rElec    +         Reflect  .   l - +0 cloak
rCorr    .         Harm     .   (no gloves)
MR       .....                  (no boots)
Stlth    ..........             (no amulet)
HPRegen  0.21/turn              e - ring of stealth
MPRegen  0.12/turn              k - +2 ring of protection

@: divine shield, glowing
A: negative energy resistance 1, electricity resistance, unbreathing,
petrification resistance, rot immunity, AC +8
a: Divine Shield, Renounce Religion


You were on level 2 of the Dungeon.
You worshipped the Shining One.
The Shining One was most pleased with you.
You were not hungry.

You visited 2 branches of the dungeon, and saw 3 of its levels.

You collected 198 gold pieces.

Inventory:

Hand Weapons
 a - a +1 long sword (weapon)
Missiles
 d - 8 javelins (quivered)
 h - 6 tomahawks
Armour
 c - a +0 shield (worn)
 i - a +0 chain mail (worn)
 l - a +0 cloak (worn)
Jewellery
 e - a ring of stealth (left hand)
 k - a +2 ring of protection (right hand)
Wands
 q - a wand of flame (12)
Scrolls
 g - 2 scrolls of remove curse
 n - 2 scrolls of teleportation
 p - a scroll of identify
Potions
 b - a potion of cancellation
 j - 2 potions of mutation
 m - a potion of curing
 s - a potion of flight {unknown}
 v - a potion of degeneration {unknown}
Comestibles
 f - 14 rations


   Skills:
 + Level 8.4 Fighting
 + Level 9.7 Long Blades
 + Level 0.5 Throwing
 + Level 8.9 Armour
 + Level 2.7 Dodging
 + Level 0.6 Stealth
 + Level 9.1 Shields
 * Level 0.9 Invocations
 * Level 0.6 Evocations


You had 10 spell levels left.
You didn't know any spells.
Your spell library was empty.

Dungeon Overview and Level Annotations

Branches:
Dungeon (2/3)              Temple (1/1) D:1
  Swamp: D:2-3       Shoals: D:2-3        Snake: D:2-3       Spider: D:2-3
  Slime: D:2-3          Orc: D:2         Vaults: D:2-3

Altars:
Ashenzari
Cheibriados
Dithmenos
Elyvilon
Fedhas
Gozag
Hepliaklqana
Kikubaaqudgha
Makhleb
Nemelex Xobeh
Okawaru
Qazlal
Ru
Sif Muna
Trog
Uskayaw
Vehumet
Wu Jian
Xom
Yredelemnul
Zin
The Shining One


Innate Abilities, Weirdness & Mutations

You are resistant to torment.
Your stone body is resilient. (AC +8)
You are immune to poison.
You resist negative energy. (rN+)
You are resistant to electric shocks. (rElec)
You can survive without breathing.
You are immune to petrification.
You are immune to rotting.


Message History

Your shield and chain mail prevent you from hitting the fire dragon.
The fire dragon is moderately wounded.
You block the fire dragon's attack.
The fire dragon claws you but does no damage.
The fire dragon tramples you but does no damage.
You hit the fire dragon but do no damage.
The fire dragon is lightly wounded.
The crimson imp sputters.
You block the fire dragon's attack. x3
You hit the fire dragon.
The fire dragon is moderately wounded.
The fire dragon bites you but does no damage.
You block the fire dragon's attack.
The fire dragon tramples you but does no damage.
You hit the fire dragon but do no damage.
The fire dragon is moderately wounded.
The fire dragon breathes flames at you. The blast of flame hits you!
Ouch! That really hurt!
You die...

#.. # #. #.##.#.# .. #[.
#.##.#.. #. #.. #.##.#..
####.##.# #.#..... ..
#...$...# #.#.##.#
...#.......# #)......
..#.......#######.#
#.#.##.#
..%.....YD@...?..#
#?.....#
#......5#########.#.#.#..#
#.......# #.#<#.#..#
#?......#########.###)#..#
#...............#.#.).#..#
#....!.>........#.#.######
#.....?#........#'#†#
########............#
###.............<#


You could see a fire dragon, an ice beast and a crimson imp.

Vanquished Creatures
  An ugly thing (D:2)
  A slime creature (D:2)
  A hungry ghost (D:2)
  2 orc warriors
  An ice beast (D:1)
  A phantom (D:1)
  A bullfrog (D:1)
  4 wights
  2 crimson imps (D:1)
  A centaur zombie (D:1)
  A bullfrog skeleton (D:1)
  4 worker ants
  An iguana (D:1)
  A howler monkey skeleton (D:1)
  A howler monkey zombie (D:1)
  A gnoll (D:1)
  2 adders (D:1)
  6 orcs (D:1)
  A giant cockroach (D:1)
  2 quokkas (D:1)
35 creatures vanquished.

Vanquished Creatures (others)
  An adder (D:2)
1 creature vanquished.

Grand Total: 36 creatures vanquished

Notes
Turn   | Place    | Note
-------+----------+-------------------------------------------
     0 | D:1      | Dorkslayer the Gargoyle Fighter began the quest for the
                  | Orb.
     0 | D:1      | Reached XP level 1. HP: 14/14 MP: 1/1
     4 | D:1      | Noticed a wight
     5 | D:1      | Noticed a wight
    16 | D:1      | Killed a wight
    16 | D:1      | Reached XP level 2. HP: 19/20 MP: 2/2
    16 | D:1      | Reached XP level 3. HP: 23/24 MP: 3/3
    16 | D:1      | Reached XP level 4. HP: 29/30 MP: 4/4
    16 | D:1      | Reached XP level 5. HP: 33/34 MP: 5/5
    23 | D:1      | Reached skill level 5 in Fighting
    23 | D:1      | Reached skill level 5 in Armour
    23 | D:1      | Reached skill level 5 in Shields
    23 | D:1      | Reached XP level 6. HP: 36/40 MP: 6/6
    35 | D:1      | Reached XP level 7. HP: 38/45 MP: 7/7
   104 | D:1      | Found a white marble altar of Elyvilon.
   114 | D:1      | Reached XP level 8. HP: 51/51 MP: 8/8
   181 | D:1      | Found a shimmering altar of Xom.
   192 | D:1      | Found a staircase to the Ecumenical Temple.
   224 | Temple   | Entered the Ecumenical Temple
   342 | D:1      | Reached skill level 1 in Dodging
   352 | D:1      | Found a hazy altar of Hepliaklqana.
   377 | D:1      | Reached skill level 5 in Long Blades
   377 | D:1      | Reached XP level 9. HP: 42/56 MP: 9/9
   456 | D:1      | Found a radiant altar of Vehumet.
   542 | D:1      | Found an ancient bone altar of Kikubaaqudgha.
   542 | D:1      | Found an iron altar of Okawaru.
   548 | D:1      | Found a shattered altar of Ashenzari.
   550 | D:1      | Found a sparkling altar of Nemelex Xobeh.
   551 | D:1      | Found a hide-covered altar of Uskayaw.
   607 | D:1      | Found a shadowy altar of Dithmenos.
   719 | D:1      | Found a glowing golden altar of the Shining One.
   736 | D:1      | Became a worshipper of the Shining One
   769 | D:1      | Reached * piety under the Shining One
   773 | D:1      | Found a snail-covered altar of Cheibriados.
   854 | D:1      | Found an ornate altar of the Wu Jian Council.
   863 | D:1      | Reached XP level 10. HP: 63/63 MP: 10/10
  1217 | D:2      | Noticed a white ugly thing
  1217 | D:2      | Reached ** piety under the Shining One
  1232 | D:2      | HP: 2/63 [white ugly thing (32)]
  1234 | D:2      | Killed a white ugly thing
  1251 | D:2      | Reached XP level 11. HP: 41/68 MP: 11/11
  1327 | D:2      | Noticed a fire dragon
  1329 | D:2      | Reached *** piety under the Shining One
  1351 | D:2      | Killed from afar by a fire dragon

Skill      XL: |  1  2  3  4  5  6  7  8  9 10 11 |
---------------+----------------------------------+-----
Fighting       | 4 5 6 7 8 |  8.4
Long Blades    | 2 3 5 7 9 |  9.7
Armour         | 4 5 6 7 8 |  8.9
Shields        | 4 5 6 8 9 |  9.1
Dodging        | 1 2 |  2.7
Throwing       | |  0.5
Stealth        | |  0.6
Invocations    | |  0.9
Evocations     | |  0.6

Action                   |  1- 3 |  4- 6 |  7- 9 | 10-12 || total
-------------------------+-------+-------+-------+-------++-------
Melee: Long sword        |     4 |    12 |   140 |    61 ||   217
Throw: Javelin           |       |       |     1 |       ||     1
Invok: Divine Shield     |       |       |       |     1 ||     1
  Use: Potion            |     1 |       |       |     5 ||     6
       Scroll            |       |       |     5 |     3 ||     8
  Eat: Chunk             |       |       |       |     3 ||     3
       Ration            |       |       |       |     1 ||     1
Armor: Scale mail        |       |     2 |    21 |       ||    23
       Chain mail        |       |       |    26 |    51 ||    77
Dodge: Dodged            |       |     8 |    47 |    21 ||    76
Block: Shield            |     3 |     5 |    63 |    42 ||   113
       Rpst.: Long sword |       |     5 |    20 |     5 ||    30
